 Dungeon Crawl Stone Soup version 0.22.0-40-g68aacdc (webtiles) character file.

287398 wojtek the Severer (level 19, -3/179 HPs)
             Began as a Minotaur Fighter on Sept 1, 2018.
             Was the Champion of Makhleb.
             Killed from afar by Margery (18 damage)
             ... with a fireball
             ... on level 2 of the Vaults.
             The game lasted 01:36:06 (41701 turns).

wojtek the Severer (Minotaur Fighter)              Turns: 41701, Time: 01:36:06

Health: -3/179     AC: 30    Str: 28    XL:     19   Next: 86%
Magic:  28/28      EV: 17    Int:  5    God:    Makhleb [******]
Gold:   3319       SH: 22    Dex: 11    Spells: 18/18 levels left

rFire    + . .     SeeInvis .   b - +4 war axe (freeze)
rCold    . . .     Gourm    .   Y - +0 large shield {reflect}
rNeg     . . .     Faith    .   c - +5 plate armour of the Serpent {rElec}
rPois    .         Spirit   .   D - +0 hat
rElec    +         Reflect  +   V - +0 cloak {MR+}
rCorr    .         Harm     .   I - +2 pair of gloves
MR       ++...                  H - +0 pair of boots
Stlth    ..........             M - amulet of regeneration
HPRegen  0.79/turn              z - ring of protection from fire
MPRegen  0.21/turn              q - +4 ring of evasion

@: about to teleport
A: retaliatory headbutt, horns 2
}: 2/15 runes: decaying, serpentine
a: Minor Destruction, Lesser Servant of Makhleb, Major Destruction, Greater
Servant of Makhleb, Renounce Religion


You were on level 2 of the Vaults.
You worshipped Makhleb.
Makhleb was exalted by your worship.
You were hungry.

You visited 6 branches of the dungeon, and saw 33 of its levels.
You also visited: Ice Cave.

You collected 3351 gold pieces.
You spent 32 gold pieces at shops.

Inventory:

Hand Weapons
 a - a +5 battleaxe of flaming
 b - a +4 war axe of freezing (weapon)
Missiles
 F - 5 throwing nets (quivered)
Armour
 c - the +5 plate armour of the Serpent (worn) {rElec}
   (You found it in an ice cave)

   It insulates you from electricity.
 D - a +0 hat (worn)
 H - a +0 pair of boots (worn)
 I - a +2 pair of gloves (worn)
 L - a +1 plate armour of fire resistance
 V - a +0 cloak of magic resistance (worn)
 Y - a +0 large shield of reflection (worn)
Jewellery
 n - an uncursed ring of see invisible
 q - a +4 ring of evasion (right hand)
 w - the ring "Natt" {rF- rN+ EV+3 Dex+3}
   (You found it on level 1 of the Orcish Mines)

   [ring of evasion]

   It affects your evasion (+3).
   It affects your dexterity (+3).
   It makes you vulnerable to fire.
   It protects you from negative energy.
 z - a ring of protection from fire (left hand)
 E - an uncursed ring of poison resistance
 G - an uncursed amulet of rage
 M - an amulet of regeneration (around neck)
 N - the ring of Baobouzo {Ice rN+ Str+4 Int+6}
   (You found it on level 9 of the Dungeon)

   [ring of ice]

   It enhances your ice magic.
   It affects your strength (+4).
   It affects your intelligence (+6).
   It makes you vulnerable to fire.
   It protects you from cold.
   It protects you from negative energy.
 R - an uncursed ring of flight
 W - an uncursed ring of protection from magic
Wands
 h - a wand of scattershot (17)
 p - a wand of polymorph (8)
 s - a wand of enslavement (9)
 v - a wand of digging (36)
 x - a wand of clouds (4)
 A - a wand of iceblast (14)
 J - a wand of paralysis (1)
 O - a wand of acid (11)
 S - a wand of random effects (12)
 X - a wand of flame (104)
Scrolls
 e - 5 scrolls of identify
 k - 5 scrolls of fear
 o - 6 scrolls of immolation
 r - 4 scrolls of fog
 u - 14 scrolls of remove curse
 y - 5 scrolls of blinking
 C - 4 scrolls of magic mapping
 T - 14 scrolls of teleportation
 Z - 2 scrolls of silence
Potions
 d - 4 potions of might
 g - 5 potions of lignification
 i - 11 potions of curing
 j - 2 potions of mutation
 l - 2 potions of agility
 t - 2 potions of heal wounds
 B - 3 potions of invisibility
 P - 4 potions of ambrosia
 U - 4 potions of haste
Miscellaneous
 m - a lamp of fire
 Q - a lightning rod (4/4)
Comestibles
 f - 49 rations
 K - 6 chunks of flesh


   Skills:
 + Level 17.8 Fighting
 - Level 18.0 Axes
 + Level 17.8 Armour
 - Level 14.0 Dodging
 * Level 16.3 Shields
 - Level 8.0 Invocations
 + Level 14.0 Evocations


You had 18 spell levels left.
You didn't know any spells.
Your spell library contained the following spells:

 Spells                   Type           Power        Failure   Level  Hunger
 Animate Skeleton         Necr           N/A          100%        1    ##.....
 Apportation              Tloc           #.....       100%        1    ##.....
 Beastly Appendage        Tmut           #.....       100%        1    ##.....
 Confusing Touch          Hex            #.....       100%        1    ##.....
 Corona                   Hex            #......      100%        1    ##.....
 Freeze                   Ice            #...         100%        1    ##.....
 Infusion                 Chrm           #...         100%        1    ##.....
 Magic Dart               Conj           #...         100%        1    ##.....
 Pain                     Necr           #...         100%        1    ##.....
 Sting                    Conj/Pois      #...         100%        1    ##.....
 Summon Small Mammal      Summ           #...         100%        1    ##.....
 Call Imp                 Summ           #.......     100%        2    ###....
 Ensorcelled Hibernation  Hex/Ice        #.....       100%        2    ###....
 Poisonous Vapours        Pois/Air       #.....       100%        2    ###....
 Searing Ray              Conj           #.....       100%        2    ###....
 Shroud of Golubria       Chrm/Tloc      #.........   100%        2    ###....
 Song of Slaying          Chrm           #.......     100%        2    ###....
 Sticks to Snakes         Tmut           #.......     100%        2    ###....
 Throw Frost              Conj/Ice       #.....       100%        2    ###....
 Call Canine Familiar     Summ           #.......     100%        3    ####...
 Confuse                  Hex            #.......     100%        3    ####...
 Dazzling Spray           Conj/Hex       #.....       100%        3    ####...
 Mephitic Cloud           Conj/Pois/Air  #.......     100%        3    ####...
 Ozocubu's Armour         Chrm/Ice       #.......     100%        3    ####...
 Regeneration             Chrm/Necr      #.........   100%        3    ####...
 Spectral Weapon          Hex/Chrm       #.......     100%        3    ####...
 Spider Form              Tmut/Pois      #.........   100%        3    ####...
 Summon Guardian Golem    Hex/Summ       #.......     100%        3    ####...
 Tukima's Dance           Hex            #.......     100%        3    ####...
 Vampiric Draining        Necr           #.........   100%        3    ####...
 Animate Dead             Necr           N/A          100%        4    #####..
 Force Lance              Conj/Tloc      #.......     100%        4    #####..
 Fulminant Prism          Conj/Hex       #.........   100%        4    #####..
 Ice Form                 Ice/Tmut       #.......     100%        4    #####..
 Iskenderun's Mystic Bla  Conj           #.......     100%        4    #####..
 Olgreb's Toxic Radiance  Pois           #.......     100%        4    #####..
 Summon Ice Beast         Ice/Summ       #.......     100%        4    #####..
 Summon Lightning Spire   Summ/Air       #.......     100%        4    #####..
 Throw Icicle             Conj/Ice       #.......     100%        4    #####..
 Blade Hands              Tmut           #.........   100%        5    ######.
 Metabolic Englaciation   Hex/Ice        #.........   100%        5    ######.
 Silence                  Hex/Air        #.........   100%        5    ######.
 Venom Bolt               Conj/Pois      #.........   100%        5    ######.
 Bolt of Cold             Conj/Ice       #.........   100%        6    #######
 Conjure Ball Lightning   Conj/Air       #.........   100%        6    #######
 Deflect Missiles         Chrm/Air       #.........   100%        6    #######
 Freezing Cloud           Conj/Ice/Air   #.........   100%        6    #######
 Ozocubu's Refrigeration  Ice            #.........   100%        6    #######
 Simulacrum               Ice/Necr       #.........   100%        6    #######
 Tornado                  Air            #.........   100%        9    #######


Dungeon Overview and Level Annotations

Branches:
Dungeon (15/15)            Temple (0/1) D:4            Lair (6/6) D:11
  Swamp (4/4) Lair:2        Snake (4/4) Lair:2        Slime (0/5) Lair:6
    Orc (2/2) D:11            Elf (0/3) Orc:2        Vaults (2/5) D:13
  Crypt (0/3) Vaults:2     Depths (0/5) D:15

Altars:
Cheibriados
Dithmenos
Fedhas
Gozag
Kikubaaqudgha
Makhleb
Nemelex Xobeh
Qazlal
Sif Muna
Trog
Wu Jian
Yredelemnul
Zin
The Shining One
Beogh
Jiyva

Shops:
D:2 *   D:10 :   Orc:1 =   Orc:2 :*?:   Snake:1 (   Vaults:2 %

Annotations:
D:15 exclusion: Roxanne, Roxanne
Vaults:2 Margery


Innate Abilities, Weirdness & Mutations

You reflexively headbutt those who attack you in melee.
You have a pair of horns on your head.


Message History

A hell knight simulacrum comes into view.
Evoke which item? (* to show all) (? for menu, Esc to quit)
Aiming: Paralyse
Press: ? - help, Shift-Dir - straight line, f/p - Margery
Aim: Margery, wielding a demon trident of flaming and wearing glowing fire dragon scales (lightly wounded, fast, bound soul, chance to defeat MR: 1%) Nothing appears to happen.
Margery's soul is no longer bound.
You block Margery's attack.
Margery points at you and mumbles some strange words.
The bolt of fire hits you! You resist.
* * * LOW HITPOINT WARNING * * *
Unknown command.
A demon appears!
You block Margery's attack. Margery gestures at you while chanting.
The bolt of fire hits you! You resist.
* * * LOW HITPOINT WARNING * * *
As you read the scroll of teleportation, it crumbles to dust.
You feel strangely unstable.
Margery points at you and mumbles some strange words.
The fireball explodes!
The fireball engulfs you! You resist.
You die...

#.......# #.3.....#
#####)## #....))#
#...Z..# #......#
##### #.@3...# #
##...## #......# .#
##.....## #.@....# ..
##.......###......#
####....#....##......#
..#(...###....'......#
..'...## ##...########
..#(...###....#
..##....#....##
..###..(....## ..#
##....)##


You could see Margery, a hell knight simulacrum and a friendly ynoxinul.

Vanquished Creatures
  Frederick (Vaults:2)
  A bone dragon (Swamp:4)
  The ghost of Americanboy the Executioner, an adept MiFi of Okawaru (Snake:4)
  Asterion (Lair:2)
  Frances (Swamp:2)
  4 thorn hunters
  A storm dragon (Vaults:1)
  10 nagarajas
  A frost giant (Vaults:1)
  2 vault wardens
  Louise (D:14)
  2 orc warlords
  2 very ugly things (IceCv)
  2 ironheart preservers
  The ghost of Yrioconn the Severer, a journeyman HOBe of Trog (Orc:1)
  2 ettins
  Snorg (D:12)
  Josephine (D:14)
  2 rakshasas (Vaults:2)
  2 ice dragons
  13 hydras
  15 naga warriors
  A great orb of eyes (Vaults:2)
  5 anacondas
  9 ghost crabs
  A tengu warrior (D:15)
  11 centaur warriors
  9 alligators
  17 two-headed ogres
  3 deep troll shamans (Vaults:2)
  5 ogre magi
  2 death knights
  4 orc high priests (Orc:2)
  6 shock serpents
  Urug (D:12)
  16 naga sharpshooters
  4 deep elf knights
  3 hell knights (Vaults:2)
  2 salamander mystics (Snake:4)
  14 naga ritualists
  8 deep trolls
  2 death drakes
  4 spriggan druids
  2 flayed ghosts (Vaults:1)
  2 shambling mangroves
  2 unseen horrors
  9 orc knights
  4 swamp dragons
  2 ironbrand convokers (Vaults:1)
  A wizard (D:14)
  A deep elf archer (Vaults:1)
  5 spectral hydras
  A phantasmal warrior (Swamp:4)
  A wolf spider (shapeshifter) (Vaults:1)
  3 necromancers
  9 mana vipers
  24 ugly things
  4 deep elf magi
  3 wolf spiders
  4 orc sorcerers
  3 manticores
  11 salamanders
  An elephant (shapeshifter) (Vaults:2)
  Maurice (D:11)
  5 apocalypse crabs (Swamp:3)
  4 vault sentinels
  7 elephants
  46 black mambas
  2 cyclopes
  42 naga magi
  5 ice statues (IceCv)
  3 guardian serpents
  31 spiny frogs
  A komodo dragon (shapeshifter) (Vaults:1)
  15 yaktaurs
  A redback zombie (D:15)
  A kobold demonologist (D:12)
  3 anaconda simulacra (IceCv)
  3 rime drakes
  8 swamp worm zombies
  2 tengu conjurers
  A golden dragon simulacrum (IceCv)
  4 komodo dragons
  4 freezing wraiths
  3 hydra zombies (Swamp:4)
  9 trolls
  A troll (shapeshifter) (Vaults:2)
  3 meliai (D:15)
  13 tyrant leeches
  7 polar bears
  2 hornets (Swamp:3)
  14 blink frogs
  47 slime creatures
  11 alligator zombies
  5 spectral swamp dragons
  11 hippogriffs
  14 bog bodies
  A centaur simulacrum (D:15)
  7 wraiths
  A vampire (D:13)
  2 dire elephant simulacra (IceCv)
  5 shadows
  4 wyverns
  3 spriggans
  37 yaks
  A basilisk (Lair:6)
  2 hungry ghosts
  29 vampire mosquitoes
  19 insubstantial wisps
  A harpy simulacrum (IceCv)
  53 nagas
  13 swamp worms
  4 wargs
  A large abomination (Swamp:2)
  5 acid dragons
  An iron troll simulacrum (IceCv)
  A hydra simulacrum (IceCv)
  10 water moccasins
  5 spiny frog zombies (Swamp:2)
  7 swamp drakes
  9 porcupines
  4 swamp dragon zombies (Swamp:4)
  An eye of draining (shapeshifter) (Vaults:2)
  An eye of draining (D:11)
  9 ice beasts
  61 orc warriors
  3 black bears
  6 phantoms
  3 sky beasts
  2 black bears (shapeshifter)
  33 ogres
  32 centaurs
  A boggart (Vaults:1)
  18 wolves
  An ogre (shapeshifter) (D:14)
  11 crocodiles
  2 big kobolds
  26 bullfrogs
  3 spriggan zombies (Swamp:2)
  A water moccasin skeleton (D:10)
  5 scorpions
  4 killer bees
  3 wights (D:10)
  7 electric eels
  6 howler monkeys
  6 crimson imps
  A jelly (D:5)
  A bullfrog zombie (D:11)
  3 centaur zombies
  A quasit (D:10)
  4 bullfrog skeletons
  3 centaur skeletons
  9 hounds
  31 orc priests
  28 orc wizards
  Ijyb (D:5)
  5 iguanas
  A spectral swamp drake (Swamp:4)
  12 worker ants
  A killer bee zombie (D:9)
  2 human simulacra
  2 hound skeletons
  A howler monkey zombie (D:5)
  18 adders
  7 gnolls
  A swamp drake zombie (Swamp:4)
  4 shadow imps
  2 adder skeletons
  2 worms
  2 dart slugs
  6 leopard geckos
  127 orcs
  3 ball pythons
  6 bats
  7 giant cockroaches
  24 hobgoblins
  20 jackals
  18 kobolds
  5 quokkas
  5 frilled lizards
  15 goblins
  A leopard gecko zombie (D:4)
  A quokka zombie (D:5)
  3 rats
  5 briar patches (Swamp:4)
  10 fungi
  11 plants
1494 creatures vanquished.

Vanquished Creatures (collateral kills)
  2 hydras
  A two-headed ogre (D:10)
  An anaconda (Snake:2)
  An alligator (Swamp:2)
  A spectral hydra (Swamp:2)
  A necromancer (Vaults:2)
  An ugly thing (D:14)
  A gargoyle (D:8)
  A spiny frog (Swamp:1)
  2 hornets
  A slime creature (Swamp:2)
  A spectral swamp dragon (Swamp:4)
  A vampire (D:10)
  A yak (D:8)
  2 vampire mosquitoes
  3 insubstantial wisps (Swamp:2)
  2 porcupines (D:11)
  2 orc warriors (Orc:2)
  A necrophage (D:10)
  A centaur (D:14)
  A scorpion (D:11)
  A wight (D:10)
  3 orc priests
  2 jellies
  An orc wizard (Orc:1)
  4 orcs
39 creatures vanquished.

Vanquished Creatures (others)
  Vashnia (Snake:2)
  4 naga sharpshooters
  A mana viper (Snake:1)
  A vault sentinel (Vaults:1)
  A yaktaur (Vaults:2)
  A shadow (Swamp:2)
  3 insubstantial wisps (Swamp:4)
  An orc warrior (Orc:2)
  A swamp drake (Swamp:3)
  6 centaurs (D:15)
  A human simulacrum (D:14)
  A bush (Lair:6)
  9 fungi
  13 plants
  A withered plant (Swamp:2)
45 creatures vanquished.

Grand Total: 1578 creatures vanquished

Notes
Turn   | Place    | Note
-------+----------+-------------------------------------------
     0 | D:1      | wojtek the Minotaur Fighter began the quest for the Orb.
     0 | D:1      | Reached XP level 1. HP: 19/19 MP: 0/0
    90 | D:1      | Reached skill level 3 in Axes
   104 | D:1      | Reached XP level 2. HP: 21/26 MP: 1/1
   377 | D:1      | Reached skill level 4 in Axes
   761 | D:2      | Reached XP level 3. HP: 31/31 MP: 2/2
   947 | D:2      | Found Zin's Purification Station.
   950 | D:2      | Found a glowing silver altar of Zin.
  1134 | D:2      | Reached skill level 5 in Axes
  1134 | D:2      | Reached XP level 4. HP: 24/39 MP: 3/3
  1406 | D:2      | Reached skill level 6 in Axes
  1584 | D:2      | Found an ancient bone altar of Kikubaaqudgha.
  1584 | D:2      | Found a burning altar of Makhleb.
  1591 | D:2      | Found an opulent altar of Gozag.
  1593 | D:2      | Found a deep blue altar of Sif Muna.
  1594 | D:2      | Found an ornate altar of the Wu Jian Council.
  1608 | D:2      | Became a worshipper of Makhleb the Destroyer
  1870 | D:3      | Reached XP level 5. HP: 45/45 MP: 4/4
  2795 | D:3      | Reached * piety under Makhleb
  3080 | D:4      | Found a staircase to the Ecumenical Temple.
  3109 | D:4      | Reached skill level 1 in Dodging
  3109 | D:4      | Reached skill level 1 in Invocations
  3185 | D:4      | Reached XP level 6. HP: 24/52 MP: 5/5
  3322 | D:4      | Found a snail-covered altar of Cheibriados.
  3716 | D:4      | Found a stormy altar of Qazlal.
  3837 | D:5      | Entered Level 5 of the Dungeon
  3846 | D:5      | Reached XP level 7. HP: 40/60 MP: 7/7
  4088 | D:5      | Reached skill level 7 in Axes
  4185 | D:5      | Noticed Ijyb
  4210 | D:5      | Killed Ijyb
  4281 | D:5      | Reached ** piety under Makhleb
  4459 | D:5      | Reached skill level 5 in Fighting
  4459 | D:5      | Reached skill level 5 in Armour
  4503 | D:5      | Found a glowing golden altar of the Shining One.
  4518 | D:5      | Reached skill level 5 in Shields
  4518 | D:5      | Reached skill level 1 in Evocations
  4523 | D:5      | Found a basalt altar of Yredelemnul.
  4625 | D:5      | Reached XP level 8. HP: 49/68 MP: 9/9
  5299 | D:5      | Got a transparent ring mail
  5570 | D:5      | Noticed an angel
  5846 | D:5      | HP: 3/69 [adder (4)]
  6632 | D:7      | Reached *** piety under Makhleb
  6917 | D:7      | Identified the +5 ring mail of Xoushid {MR+} (You found it on level 5 of the Dungeon)
  6981 | D:7      | Found a shadowy altar of Dithmenos.
  7779 | D:8      | Reached skill level 8 in Axes
  7791 | D:8      | Reached XP level 9. HP: 75/75 MP: 10/10
  7912 | D:8      | Noticed a gargoyle
  7937 | D:8      | Killed a gargoyle
  7939 | D:8      | Reached skill level 5 in Dodging
  8731 | D:9      | Found a bloodstained altar of Trog.
  8744 | D:9      | Reached skill level 5 in Invocations
  8942 | D:9      | Reached XP level 10. HP: 86/86 MP: 12/12
  9170 | D:9      | Reached **** piety under Makhleb
  9170 | D:9      | Reached skill level 9 in Axes
  9201 | D:9      | Got a flickering bone ring
  9498 | D:10     | Entered Level 10 of the Dungeon
  9529 | D:10     | Noticed a two-headed ogre
  9542 | D:10     | Killed a two-headed ogre
  9833 | D:10     | Found a sparkling altar of Nemelex Xobeh.
  9864 | D:10     | Paralysed by a hornet for 2 turns
 10664 | D:10     | Found Himoic's Book Boutique.
 10896 | D:11     | Found a staircase to the Orcish Mines.
 10970 | D:11     | Noticed an eight-headed hydra
 10977 | D:11     | Killed an eight-headed hydra
 10977 | D:11     | Reached skill level 5 in Evocations
 11065 | D:11     | Noticed a red ugly thing
 11082 | D:11     | Killed a red ugly thing
 11132 | D:11     | Noticed an unseen horror
 11139 | D:11     | Killed an unseen horror
 11139 | D:11     | Reached XP level 11. HP: 71/95 MP: 8/14
 11204 | D:11     | Noticed a two-headed ogre
 11212 | D:11     | Killed a two-headed ogre
 11317 | D:11     | Identified the ring of Baobouzo {Ice rN+ Str+4 Int+6} (You found it on level 9 of the Dungeon)
 11468 | D:11     | Noticed Maurice
 11468 | D:11     | Noticed a brown ugly thing
 11477 | D:11     | Killed Maurice
 11477 | D:11     | Reached skill level 10 in Axes
 11482 | D:11     | Killed a brown ugly thing
 11515 | D:11     | Found a staircase to the Lair.
 12132 | Lair:1   | Entered Level 1 of the Lair of Beasts
 12594 | Lair:1   | Reached ***** piety under Makhleb
 12688 | Lair:1   | Found a shadowy altar of Dithmenos.
 12712 | Lair:1   | Noticed a six-headed hydra
 12718 | Lair:1   | Killed a two-headed hydra
 13063 | Lair:2   | Reached XP level 12. HP: 105/105 MP: 16/16
 13328 | Lair:2   | Found a staircase to the Snake Pit.
 13336 | Lair:2   | Reached skill level 11 in Axes
 13555 | Lair:2   | Reached skill level 10 in Fighting
 13555 | Lair:2   | Reached skill level 10 in Armour
 13747 | Lair:2   | Found a staircase to the Swamp.
 16162 | Lair:5   | Noticed a four-headed hydra
 16168 | Lair:5   | Reached XP level 13. HP: 115/115 MP: 18/18
 16663 | Lair:6   | Entered Level 6 of the Lair of Beasts
 16670 | Lair:6   | Reached skill level 12 in Axes
 16724 | Lair:6   | Reached skill level 10 in Dodging
 16943 | Lair:6   | Found a viscous altar of Jiyva.
 16943 | Lair:6   | Found a staircase to the Slime Pits.
 17456 | Lair:6   | Reached ****** piety under Makhleb
 18163 | D:12     | Noticed Urug
 18165 | D:12     | Noticed Snorg
 18176 | D:12     | Killed Urug
 18183 | D:12     | Killed Snorg
 18973 | D:12     | Reached skill level 13 in Axes
 18973 | D:12     | Reached XP level 14. HP: 126/126 MP: 19/19
 19629 | D:13     | Found a gate to the Vaults.
 20317 | D:14     | Found a sparkling altar of Nemelex Xobeh.
 20407 | D:14     | Noticed Louise
 20423 | D:14     | Killed Louise
 20611 | D:14     | Noticed Josephine
 20620 | D:14     | Killed Josephine
 21824 | D:15     | Entered Level 15 of the Dungeon
 22353 | D:15     | Found a blossoming altar of Fedhas.
 22372 | D:14     | Reached skill level 14 in Axes
 22391 | D:14     | Reached skill level 10 in Evocations
 22487 | D:15     | Reached XP level 15. HP: 132/136 MP: 21/21
 22670 | D:15     | Noticed Roxanne
 23117 | D:15     | Found a staircase to the Depths.
 23586 | Orc:1    | Entered Level 1 of the Orcish Mines
 23714 | Orc:1    | Found Nodaor's Jewellery Emporium.
 23777 | Orc:1    | Noticed an orc warlord
 23787 | Orc:1    | Killed an orc warlord
 23978 | Orc:1    | Found a runed door.
 23978 | Orc:1    | Noticed Yrioconn's ghost (journeyman HOBe)
 24113 | Orc:2    | Entered Level 2 of the Orcish Mines
 24414 | Orc:2    | Found a roughly hewn altar of Beogh.
 24511 | Orc:2    | Found Foyd's Book Emporium.
 24532 | Orc:2    | Found Buebloul's General Store.
 24944 | Orc:2    | Found a staircase to the Elven Halls.
 25613 | Orc:2    | Noticed an orc warlord
 25675 | Orc:2    | Killed an orc warlord
 26005 | Orc:2    | Found Ifaihy's Magic Scroll Shoppe.
 26042 | Orc:2    | Bought a scroll of identify for 32 gold pieces
 26062 | Orc:2    | Found a roughly hewn altar of Beogh.
 26086 | Orc:2    | Found Mazxirgha's Book Boutique.
 26424 | Snake:1  | Entered Level 1 of the Snake Pit
 26453 | Snake:1  | Found an ancient bone altar of Kikubaaqudgha.
 26639 | Snake:1  | Reached skill level 15 in Axes
 26800 | Snake:1  | Noticed Asterion
 27057 | Snake:1  | Reached XP level 16. HP: 105/147 MP: 23/23
 27341 | Lair:2   | Noticed an Executioner
 27807 | Lair:2   | Killed Asterion
 28054 | Snake:1  | Found Bofad's Antique Weapon Shop.
 28268 | Snake:2  | Noticed Vashnia
 28292 | Snake:2  | Killed Vashnia
 28780 | Snake:2  | Reached skill level 15 in Fighting
 28785 | Snake:2  | Reached skill level 15 in Armour
 30088 | Snake:3  | Reached skill level 16 in Axes
 30508 | Snake:3  | Reached XP level 17. HP: 156/156 MP: 25/25
 30542 | Snake:3  | Identified a scroll of acquirement
 30982 | Swamp:1  | Entered Level 1 of the Swamp
 31261 | Swamp:1  | Reached skill level 10 in Shields
 31956 | Swamp:2  | Noticed Frances
 31968 | Swamp:2  | Killed Frances
 32046 | Swamp:2  | Found a frozen archway.
 32076 | IceCv    | Entered an ice cave
 32588 | IceCv    | Got a faintly glowing plate armour
 32589 | IceCv    | Identified the +5 plate armour of the Serpent {rElec} (You found it in an ice cave)
 32601 | IceCv    | Got a brightly glowing mace
 33832 | Swamp:3  | Found a runed door.
 35687 | Swamp:3  | Identified the Papyrus of the Snowflakes and Changing
 35776 | Swamp:4  | Entered Level 4 of the Swamp
 35789 | Swamp:4  | Reached XP level 18. HP: 163/163 MP: 26/26
 35948 | Swamp:4  | Reached skill level 17 in Axes
 36638 | Swamp:4  | Noticed a bone dragon
 36659 | Swamp:4  | Killed a bone dragon
 36738 | Swamp:4  | Got a decaying rune of Zot
 37124 | Snake:4  | Entered Level 4 of the Snake Pit
 37687 | Snake:4  | Found a runed gate.
 37688 | Snake:4  | Found a runed gate.
 37689 | Snake:4  | Found a runed gate.
 37690 | Snake:4  | Noticed Americanboy's ghost (adept MiFi)
 38383 | Snake:4  | Reached XP level 19. HP: 146/174 MP: 28/28
 38532 | Snake:4  | Got a serpentine rune of Zot
 38719 | Snake:4  | Killed Americanboy's ghost
 38989 | Vaults:1 | Entered Level 1 of the Vaults
 39537 | Vaults:1 | Reached skill level 15 in Shields
 39655 | Vaults:1 | HP: 5/174 [storm dragon (6)]
 40847 | Orc:1    | Killed Yrioconn's ghost
 40847 | Orc:1    | Reached skill level 18 in Axes
 40850 | Orc:1    | Got a clouded platinum ring
 40859 | Orc:1    | Identified the ring "Natt" {rF- rN+ EV+3 Dex+3} (You found it on level 1 of the Orcish Mines)
 41188 | Vaults:2 | Found a staircase to the Crypt.
 41188 | Vaults:2 | Found an ancient bone altar of Kikubaaqudgha.
 41189 | Vaults:2 | Found a basalt altar of Yredelemnul.
 41444 | Vaults:2 | Noticed Frederick
 41457 | Vaults:2 | Killed Frederick
 41659 | Vaults:2 | Found Faeffesh's Food Emporium.
 41659 | Vaults:2 | Noticed Margery
 41701 | Vaults:2 | Killed from afar by Margery

Skill      XL: |  1  2  3  4  5  6  7  8  9 10 11 12 13 14 15 16 17 18 19 |
---------------+----------------------------------------------------------+-----
Axes           | 3 4 5 6 7 8 9 10 11 13 14 15 16 17 18 | 18.0
Fighting       | 4 5 6 7 8 9 10 12 13 14 15 16 17 | 17.8
Dodging        | 1 2 3 4 5 6 8 9 10 12 13 14 | 14.0
Invocations    | 1 2 3 5 6 7 8 |  8.0
Armour         | 4 5 6 7 8 9 10 12 13 14 15 16 17 | 17.8
Shields        | 4 5 6 7 8 9 12 14 16 | 16.3
Evocations     | 1 2 4 5 6 7 8 10 11 12 13 14 | 14.0

Action                   |  1- 3 |  4- 6 |  7- 9 | 10-12 | 13-15 | 16-18 | 19-21 || total
-------------------------+-------+-------+-------+-------+-------+-------+-------++-------
Melee: War axe           |    80 |   165 |   424 |   313 |  1272 |   794 |   498 ||  3546
       Headbutt          |    12 |    21 |    73 |   102 |   297 |   374 |   134 ||  1013
       Battleaxe         |       |       |       |   242 |    14 |   709 |       ||   965
Invok: Lesser Servant of |       |       |     2 |     7 |    17 |    31 |    17 ||    74
       Minor Destruction |       |       |       |     9 |    11 |    12 |       ||    32
 Abil: Evoke Berserk Rag |       |       |       |       |     2 |       |       ||     2
       Evoke Flight      |       |       |       |       |     3 |       |       ||     3
Evoke: Wand              |       |       |       |     1 |    20 |     8 |    10 ||    39
       Lightning rod     |       |       |       |       |     4 |       |       ||     4
  Use: Scroll            |       |       |     5 |     6 |    10 |    17 |     4 ||    42
       Potion            |       |       |     2 |       |       |     1 |     1 ||     4
 Stab: Paralysed         |       |       |       |       |     3 |       |       ||     3
       Distracted        |       |       |       |       |     1 |     4 |       ||     5
       Confused          |       |       |       |       |       |     2 |       ||     2
  Eat: Chunk             |     1 |     9 |    16 |    20 |    36 |    11 |     8 ||   101
       Ration            |       |       |       |     1 |     2 |     8 |     1 ||    12
Armor: Scale mail        |    38 |     9 |       |       |       |       |       ||    47
       Chain mail        |       |    55 |    75 |       |       |       |       ||   130
       Ring mail         |       |       |    24 |   176 |   177 |       |       ||   377
       Plate armour      |       |       |       |       |    76 |   752 |   140 ||   968
Dodge: Dodged            |    15 |    28 |   167 |   486 |   550 |  1023 |   181 ||  2450
Block: Shield            |    38 |   100 |   210 |   170 |   255 |       |       ||   773
       Large shield      |       |       |       |       |   657 |   827 |   458 ||  1942
       Reflection        |       |       |       |       |    43 |   141 |    37 ||   221
